 Dungeon Crawl Stone Soup version 0.30-a0-950-gbf40cfac39 (webtiles) character file.

Game seed: 275341469696932157

17 Grim the Ogre Mage (level 2, 0/24 HPs)
             Began as an Ogre Hedge Wizard on Mar 27, 2023.
             Slain by a kobold
             ... wielding a +0 whip
              (4 damage)
             ... on level 2 of the Dungeon on Mar 28, 2023.
             The game lasted 00:09:06 (1356 turns).

Grim the Ogre Mage (Ogre Hedge Wizard)              Turns: 1356, Time: 00:09:06

Health: 0/24       AC:  3    Str: 13    XL:     2   Next: 62%
Magic:  4/7        EV:  9    Int: 15    God:
Gold:   68         SH:  0    Dex:  8    Spells: 6/9 levels left

rFire   . . .      SeeInvis .    l - +0 club
rCold   . . .      Faith    .    (no shield)
rNeg    + . .      Spirit   .    b - +0 robe
rPois   .          Reflect  .    c - +0 hat
rElec   .          Rampage  .    (no cloak)
rCorr   .                        (gloves unavailable)
Will    .....                    (boots unavailable)
Stlth   +                        (no amulet)
HPRegen 0.24/turn                j - ring of positive energy
MPRegen 0.10/turn                (no ring)

@: no status effects
A: large, unfitting armour, tough skin 1
a: no special abilities


You were on level 2 of the Dungeon.
You visited 1 branch of the dungeon, and saw 2 of its levels.

You collected 68 gold pieces.

Inventory:

Hand Weapons
 l - a +0 club (weapon)
Armour
 b - a +0 robe (worn)
 c - a +0 hat (worn)
 m - a scarf of repulsion
Jewellery
 j - a ring of positive energy (left hand)
Scrolls
 e - a scroll of torment {unknown}
 h - 2 scrolls of identify {unknown}
 i - a scroll of noise {unknown}
Potions
 a - a potion of might {unknown}
 d - a potion of magic
 f - 2 potions of resistance {unknown}
 g - a potion of degeneration {unknown}
 k - a potion of cancellation {unknown}


   Skills:
 - Level 1.7 Dodging
 - Level 1.4 Stealth
 + Level 4.1 Spellcasting
 + Level 1.7 Conjurations
 - Level 0.8 Summonings
 - Level 0.8 Translocations


You had 6 spell levels left.
You knew the following spells:

 Your Spells              Type           Power      Damage    Failure   Level
a - Magic Dart            Conj           32%        1d4       9%          1
b - Call Imp              Summ           5%         N/A       19%         2

Your spell library contained the following spells:

 Spells                   Type           Power      Damage    Failure   Level
 Slow                     Hex            12%        N/A       19%         1
 Blink                    Tloc           10%        N/A       19%         2
 Cigotuvi's Dreadful Rot  Necr/Pois/Air  6%         N/A       26%         2
 Mephitic Cloud           Conj/Pois/Air  4%         N/A       38%         3


Dungeon Overview and Level Annotations

Branches:
Dungeon (2/15)

Altars:


Innate Abilities, Weirdness & Mutations

You are too large for most types of armour.
You have tough skin. (AC +1)


Message History

The worm is heavily wounded.
Aiming: Magic Dart (safe; 9% risk of failure)
Press: ? - help, Q - select action, (/) - cycle Shift-Dir - straight line, f/p - worm
Aim: a worm (heavily wounded, 100% to hit)
The magic dart hits the worm.
The worm is heavily wounded.
You don't have enough magic to cast this spell.
You don't have enough magic to cast this spell.
A goblin comes into view. It is wielding a +0 short sword.
Found a club.
The goblin shouts!
The goblin unwields a +0 short sword.
The goblin wields a +0 sling.
The goblin shoots a sling bullet.
The sling bullet hits you. The worm bites you!
* * * LOW HITPOINT WARNING * * *
The goblin shoots a sling bullet.
The sling bullet hits you but does no damage.
The goblin shoots a sling bullet.
The sling bullet hits you.
* * * LOW HITPOINT WARNING * * *
The goblin shoots a sling bullet.
The sling bullet barely misses you.
The goblin shoots a sling bullet.
The sling bullet hits you.
* * * LOW HITPOINT WARNING * * *
You see here a scroll labelled EHEFFA DULUUS.
You see here a scarf of repulsion.
m - a scarf of repulsion The goblin shoots a sling bullet.
The sling bullet hits you but does no damage.
The goblin shoots a sling bullet.
The sling bullet hits you.
* * * LOW HITPOINT WARNING * * *
You open the door.
There is an open door here.
The goblin shoots a sling bullet.
The sling bullet hits you but does no damage.
You close the door.
A kobold and a hobgoblin come into view.
The kobold shouts!
The hobgoblin closely misses you. The hobgoblin attacks as you move away!
The hobgoblin closely misses you. The kobold hits you with a +0 whip.
You die...

.. ######## .. #......#
.. #.####.######
..#########+####......#
#..........w..##.g....#
#.............##.K....#
..............##@.....#
#......g.?...##......#
#............#.........
#....<...[...#.........
#....).......#.........
#............#.........
##............#.........
#....##########.........
..!..#


You could see a hobgoblin and a kobold.

Vanquished Creatures
  An endoplasm (D:1)
  A giant cockroach (D:1)
  A goblin (D:1)
  A kobold (D:1)
  A quokka (D:1)
  5 ball pythons (D:1)
  3 bats
  2 frilled lizards (D:1)
  3 rats (D:1)
18 creatures vanquished.

Vanquished Creatures (others)
  A plant (D:1)
1 creature vanquished.

Grand Total: 19 creatures vanquished

Notes
Turn   | Place    | Note
-------+----------+-------------------------------------------
     0 | D:1      | Grim the Ogre Hedge Wizard began the quest for the Orb.
     0 | D:1      | Reached XP level 1. HP: 16/16 MP: 5/5
   161 | D:1      | Reached skill level 1 in Conjurations
   494 | D:1      | Reached XP level 2. HP: 21/24 MP: 0/6
   597 | D:1      | Reached skill level 4 in Spellcasting
  1272 | D:1      | Upgraded the game from 0.30-a0-949-g53dc5368d7 to
                  | 0.30-a0-950-gbf40cfac39
  1298 | D:1      | Learned a level 2 spell: Call Imp
  1342 | D:2      | HP: 1/24 [goblin/sling bullet (4)]
  1356 | D:2      | Slain by a kobold

Illustrated notes

Levels and vault maps discovered:
D:1:      tarquinn_simple_flora_water_b, layout_basic, minmay_misc_feat_five,
          minmay_misc_feat_roman
D:2:      layout_basic, dreamdust_mushroom_princess, minmay_misc_feat_tower,
          uniq_natasha, uniq_terence, uniq_crazy_yiuf_cottage, uniq_jessica

Skill      XL: |  1  2 |
---------------+-------+-----
Conjurations   | 1 |  1.7
Spellcasting   | 4 |  4.1
Dodging        | |  1.7
Stealth        | |  1.4
Summonings     | |  0.8
Translocations | |  0.8

Action                     || total
---------------------------++-------
  Melee: Dagger            ||     1
   Cast: Magic Dart        ||    41
 Armour: Robe              ||     4
  Dodge: Dodged            ||     4

Table legend: (Time is in decaauts)
 A = Elapsed time spent in this place.
 B = Non-inter-level travel time spent in this place.
 C = Inter-level travel time spent in this place.
 D = Time resting spent in this place.
 E = Time spent auto-exploring this place.
 F = Levels seen in this place.
 G = Mean time per level.
                   A        B        C        D        E       F      G
               +--------+--------+--------+--------+--------+-----+--------+
         Total |   1354 |   1318 |     36 |    126 |   1063 |   2 |  677.0 |
       Dungeon |   1354 |   1318 |     36 |    126 |   1063 |   2 |  677.0 |
               +--------+--------+--------+--------+--------+-----+--------+

Top non-repeatable levels by time:
     D:1: 1312 daAuts
     D:2: 42 daAuts
